 Dungeon Crawl Stone Soup version 0.30-a0-603-g51a0fb1b98 (webtiles) character file.

Game seed: 7810387507806931642

5328 HoaS the Skirmisher (level 10, -2/73 HPs)
             Began as a Demigod Hunter on Jan 7, 2023.
             Slain by a boulder beetle (16 damage)
             ... on level 8 of the Dungeon.
             The game lasted 00:21:03 (9765 turns).

HoaS the Skirmisher (Demigod Hunter)                Turns: 9765, Time: 00:21:03

Health: -2/73      AC:  7    Str: 12    XL:     10   Next: 16%
Magic:  0/13       EV: 13    Int: 11    God:
Gold:   1008       SH:  0    Dex: 35    Spells: 9/9 levels left

rFire   . . .      SeeInvis .    a - +0 shortbow
rCold   + . .      Faith    .    (shield currently unavailable)
rNeg    . . .      Spirit   +    t - +0 steam dragon scales
rPois   .          Reflect  .    (no helmet)
rElec   .          Harm     .    g - +1 cloak
rCorr   .          Rampage  .    (no gloves)
Will    +....                    (no boots)
Stlth   +++                      m - amulet of guardian spirit
HPRegen 0.32/turn                d - ring of protection from cold
MPRegen 0.13/turn                h - +6 ring of dexterity

@: slowed, very slow
A: high MP 1, forlorn, divine attributes
a: no special abilities


You were on level 8 of the Dungeon.
You visited 1 branch of the dungeon, and saw 8 of its levels.

You collected 1008 gold pieces.

Inventory:

Hand Weapons
 a - a +0 shortbow (weapon)
Armour
 g - a +1 cloak (worn)
 t - +0 steam dragon scales (worn)
Jewellery
 d - a ring of protection from cold (left hand)
 h - a +6 ring of dexterity (right hand)
 m - an amulet of guardian spirit (around neck)
Wands
 i - a wand of charming (16)
 l - a wand of roots (10)
 s - a wand of flame (14)
Scrolls
 b - 5 scrolls of immolation
 c - a scroll of enchant weapon {unknown}
Potions
 e - a potion of curing
 f - 3 potions of mutation
 j - a potion of degeneration {unknown}
 k - 3 potions of ambrosia
 n - 2 potions of heal wounds
 o - a potion of attraction
 p - a potion of resistance {unknown}


   Skills:
 - Level 1.7 Fighting
 + Level 14.5 Ranged Weapons
 - Level 1.7 Dodging
 - Level 0.8 Stealth


You had 9 spell levels left.
You didn't know any spells.
Your spell library contained the following spells:

 Spells                   Type           Power      Damage    Failure   Level
 Magic Dart               Conj           0%         1d3       34%         1
 Slow                     Hex            0%         N/A       34%         1
 Call Imp                 Summ           0%         N/A       47%         2
 Confusing Touch          Hex            0%         N/A       71%         3
 Mephitic Cloud           Conj/Pois/Air  0%         N/A       71%         3
 Tukima's Dance           Hex            0%         N/A       71%         3
 Vampiric Draining        Necr           0%         2d6       71%         3
 Passage of Golubria      Tloc           0%         N/A       98%         4
 Alistair's Intoxication  Tmut/Pois      0%         N/A       100%        5
 Borgnjor's Vile Clutch   Necr/Erth      0%         N/A       100%        5
 Yara's Violent Unravell  Hex/Tmut       0%         3d3       100%        5
 Eringya's Noxious Bog    Tmut/Pois      0%         N/A       100%        6
 Borgnjor's Revivificati  Necr           0%         N/A       100%        8
 Necromutation            Tmut/Necr      0%         N/A       100%        8
 Death's Door             Necr           0%         N/A       100%        9


Dungeon Overview and Level Annotations

Branches:
Dungeon (8/15)             Temple (0/1) D:7
   Lair: D:8-11

Annotations:
D:6 1 runed translucent door, zero's ghost, novice GrEE


Innate Abilities, Weirdness & Mutations

You have an increased reservoir of magic. (+10% MP)
You shall have no god before yourself.
Your divine heritage dramatically boosts your attributes as you level up.


Message History

The wraith is severely damaged.
The wraith hits you. The wraith drains your vigour!
You feel yourself slow down.
You shoot an arrow. The arrow closely misses the wraith.
The wraith hits you. The wraith drains your vigour!
You feel as though you will be slow longer.
You shoot an arrow. The arrow hits the wraith.
The wraith is almost destroyed.
The wraith closely misses you.
You shoot an arrow. The arrow hits the wraith!
You destroy the wraith!
The kobold hits you with a +0 club.
You shoot an arrow. The arrow hits the kobold.
The kobold is heavily wounded.
The kobold hits you but does no damage.
You shoot an arrow. The arrow barely misses the kobold.
A boulder beetle comes into view.
You shoot an arrow.
The arrow hits the boulder beetle but does no damage.
You shoot an arrow. The arrow hits the boulder beetle!
The boulder beetle is moderately wounded.
The boulder beetle closely misses you.
You shoot an arrow.
The arrow hits the boulder beetle but does no damage.
The boulder beetle is moderately wounded.
The boulder beetle bites you!!
Okay, then.
You shoot an arrow. The arrow hits the boulder beetle!
The boulder beetle is moderately wounded.
The boulder beetle bites you! The boulder beetle barely misses you.
You shoot an arrow. The arrow hits the boulder beetle!!
The boulder beetle is heavily wounded.
The boulder beetle bites you!!
* * * LOW HITPOINT WARNING * * *
You shoot an arrow. The arrow hits the boulder beetle.
The boulder beetle is heavily wounded.
The boulder beetle bites you but does no damage.
The boulder beetle attacks as you move away!
The boulder beetle closely misses you. The boulder beetle bites you!!
You die...

#...## #..##.# #.
#.##.## #..##.## #.
##.###.## #KK##.#### #.
..<.....## #..##.....#
...# ##.###...##
#..##.####.# .... #.#
##...## ##.W##.## #.#
...# #.# ####.###..##.##
#.# #.# ##.#..##.## #.#
#.# ##..##@## #.#
##.#### ##.#B## #.#
......# #.K## #.#
....#.# #.## #<# ....#.#
#.# #.# ....#.### #.#
#.# ###.....# #.# #.# #
##....#####.# #.#
#........#.###########.#
###


You could see a boulder beetle and a kobold.

Vanquished Creatures
  Erica (D:7)
  Pikel (D:7)
  A hornet (D:7)
  Grinder (D:6)
  A wraith (D:8)
  6 yaks
  A steam dragon (D:6)
  Duvessa (D:6)
  2 water moccasins
  2 black bears
  An ice beast (D:7)
  4 sky beasts
  2 ogres
  A phantom (D:4)
  3 lemures (D:6)
  2 bullfrogs
  A gnoll sergeant (D:5)
  Blork the orc (D:6)
  2 scorpions
  4 wights
  Dowan (D:6)
  2 howler monkeys (D:7)
  3 orc priests (D:5)
  3 hounds
  2 gnoll boudas (D:4)
  A jelly (D:6)
  3 orc wizards
  7 iguanas
  14 gnolls
  7 adders
  2 shadow imps
  2 white imps
  3 ufetubi
  2 worms
  A dart slug (D:4)
  The ghost of Stoves66 the Sneak, a weakling SpDe (D:5)
  19 orcs
  6 bats
  5 endoplasms
  4 giant cockroaches
  10 goblins
  11 hobgoblins
  4 jackals
  10 kobolds
  10 quokkas
  8 ball pythons
  2 frilled lizards (D:1)
  A rat (D:1)
182 creatures vanquished.

Vanquished Creatures (collateral kills)
  A ball python (D:4)
  A kobold (D:4)
2 creatures vanquished.

Vanquished Creatures (others)
  A butterfly (D:4)
  A plant (D:7)
2 creatures vanquished.

Grand Total: 186 creatures vanquished

Notes
Turn   | Place    | Note
-------+----------+-------------------------------------------
     0 | D:1      | HoaS the Demigod Hunter began the quest for the Orb.
     0 | D:1      | Reached XP level 1. HP: 17/17 MP: 3/3
    23 | D:1      | You fall into a shaft and drop 1 floor!
    83 | D:2      | Reached skill level 4 in Ranged Weapons
   123 | D:2      | Reached XP level 2. HP: 23/24 MP: 4/4
   587 | D:1      | Reached XP level 3. HP: 29/29 MP: 5/5
  1103 | D:2      | Identified a scroll of acquirement
  1103 | D:2      | Acquired 620 gold pieces
  1381 | D:2      | Reached skill level 5 in Ranged Weapons
  1994 | D:3      | Reached XP level 4. HP: 36/36 MP: 6/6
  2535 | D:4      | Reached skill level 6 in Ranged Weapons
  2535 | D:4      | Reached XP level 5. HP: 19/41 MP: 7/7
  2705 | D:4      | Noticed a black bear
  2827 | D:4      | Killed a black bear
  2828 | D:4      | Reached skill level 7 in Ranged Weapons
  2828 | D:4      | Reached XP level 6. HP: 48/48 MP: 8/8
  3232 | D:4      | Reached skill level 8 in Ranged Weapons
  3781 | D:5      | Entered Level 5 of the Dungeon
  3912 | D:4      | Reached XP level 7. HP: 51/53 MP: 9/9
  4382 | D:5      | Reached skill level 9 in Ranged Weapons
  5165 | D:5      | Found a runed translucent door.
  5167 | D:5      | Noticed Stoves66's ghost (weakling SpDe)
  5196 | D:5      | Reached XP level 8. HP: 42/60 MP: 10/10
  5389 | D:5      | Reached skill level 10 in Ranged Weapons
  5549 | D:5      | Killed Stoves66's ghost
  5696 | D:6      | Noticed Duvessa
  5696 | D:6      | Noticed Dowan
  5888 | D:6      | Noticed Pikel
  5922 | D:6      | HP: 1/60 [Pikel/+0 whip of electrocution (10)]
  6182 | D:6      | Noticed Blork the orc
  6191 | D:6      | Killed Blork the orc
  6411 | D:6      | Noticed Grinder
  6421 | D:6      | Killed Grinder
  6422 | D:6      | Reached skill level 11 in Ranged Weapons
  6923 | D:7      | Noticed a hornet
  6961 | D:7      | Killed a hornet
  7074 | D:7      | Reached skill level 12 in Ranged Weapons
  7074 | D:7      | Reached XP level 9. HP: 67/67 MP: 11/11
  7668 | D:7      | Identified the +0 ring mail of the Evening Star {Dex+5}
  7674 | D:7      | Found a staircase to the Ecumenical Temple.
  7756 | D:7      | Killed Pikel
  7953 | D:6      | Reached skill level 13 in Ranged Weapons
  7967 | D:6      | Found a runed translucent door.
  7968 | D:6      | Noticed zero's ghost (novice GrEE)
  8033 | D:6      | Killed Duvessa
  8040 | D:6      | Killed Dowan
  9015 | D:8      | Identified the +4 hand axe of the Orcish Mines {heavy,
                  | Dex+5}
  9031 | D:8      | Noticed Erica
  9061 | D:7      | Killed Erica
  9061 | D:7      | HP: 1/67 [poisoned by Erica (bolt of poison)]
  9062 | D:7      | Reached skill level 14 in Ranged Weapons
  9062 | D:7      | Reached XP level 10. HP: 1/73 MP: 1/13
  9759 | D:8      | Noticed a boulder beetle
  9765 | D:8      | Slain by a boulder beetle

Illustrated notes

Levels and vault maps discovered:
D:1:      dpeg_arrival_shelter, layout_basic, minmay_misc_feat_chi, nrook_uturn,
          minmay_pentomino_x2
D:2:      layout_basic
D:3:      layout_loops_ring, brannock_xom_greatest_gift
D:4:      layout_basic, nicolae_elyvilon_peaceful_grove,
          mainiacjoe_overflow_cross_hatched, lemuel_tele_altar, zin_scriptorium
D:5:      layout_loops_ring, hellmonk_okawaru_the_only_friend_you_need,
          ebering_ghost_inner_flame
D:6:      layout_loops_ring, mainiacjoe_overflow_large_starburst,
          ebering_ghost_reflecting_pool, uniq_blork_the_orc, uniq_pikel,
          uniq_grinder, uniq_duvessa
D:7:      layout_loops_ring, slow_altar_1, nemelex_dance_club_becter,
          mainiacjoe_overflow_24_doors, mainiacjoe_overflow_chevrons,
          minmay_temple_entry_nine_rooms, minmay_fountain_box
D:8:      layout_loops_ring, grunt_qazlal_sundering, minmay_crystal_room,
          minmay_diamond_spiral, uniq_erica

Skill      XL: |  1  2  3  4  5  6  7  8  9 |
---------------+----------------------------+-----
Ranged Weapons | 4 5 6 7 8 9 12 14 | 14.5
Fighting       | |  1.7
Dodging        | |  1.7
Stealth        | |  0.8

Action                   |  1- 3 |  4- 6 |  7- 9 | 10-12 || total
-------------------------+-------+-------+-------+-------++-------
Melee: Unarmed           |       |    12 |       |       ||    12
       Shortbow          |       |       |     4 |       ||     4
 Fire: Shortbow          |   166 |   137 |   426 |    36 ||   765
Evoke: Wand              |       |       |     2 |       ||     2
  Use: Scroll            |     6 |     7 |     6 |       ||    19
       Potion            |       |     1 |       |     1 ||     2
Armor: Leather armour    |    31 |    21 |    28 |       ||    80
       Skin              |       |    24 |       |       ||    24
       Ring mail         |       |       |     3 |       ||     3
       Steam dragon scal |       |       |     2 |     4 ||     6
Dodge: Dodged            |    65 |    44 |   123 |     4 ||   236

Table legend: (Time is in decaauts)
 A = Elapsed time spent in this place.
 B = Non-inter-level travel time spent in this place.
 C = Inter-level travel time spent in this place.
 D = Time resting spent in this place.
 E = Time spent auto-exploring this place.
 F = Levels seen in this place.
 G = Mean time per level.
                   A        B        C        D        E       F      G
               +--------+--------+--------+--------+--------+-----+--------+
         Total |   9864 |   9321 |    543 |   2977 |   4432 |   8 | 1233.0 |
       Dungeon |   9864 |   9321 |    543 |   2977 |   4432 |   8 | 1233.0 |
               +--------+--------+--------+--------+--------+-----+--------+

Top non-repeatable levels by time:
     D:4: 2184 daAuts
     D:7: 1777 daAuts
     D:6: 1475 daAuts
     D:5: 1344 daAuts
     D:1: 1035 daAuts
     D:8: 730 daAuts
     D:3: 698 daAuts
     D:2: 617 daAuts
